 Dungeon Crawl Stone Soup version 0.30.1 (webtiles) character file.

Game seed: 4823811952289771886

1681481 GeoRichter the Slayer (level 27, 177/177 HPs)
             Began as a Tengu Brigand on July 13, 2023.
             Was the Champion of Lugonu.
             Escaped with the Orb
             ... and 3 runes!
             The game lasted 02:15:22 (67858 turns).

GeoRichter the Slayer (Tengu Brigand)              Turns: 67858, Time: 02:15:23

Health: 177/177    AC: 15    Str: 19    XL:     27
Magic:  50/50      EV: 43    Int: 10    God:    Lugonu [******]
Gold:   9768       SH: 27    Dex: 30    Spells: 30/32 levels left

rFire   + + .        a - +9 demon blade (distort) {!w}
rCold   + + .        B - +5 kite shield {rC+}
rNeg    + . .        S - +4 moon troll leather armour {Spirit, Regen++ MP+5}
rPois   +            O - +1 hat "Utoi" {rF+}
rElec   +            r - scarf of Parlour Games {+Inv, rElec Will++ Dex-3 SInv}
rCorr   +            G - +3 pair of gloves of the Northern Lights {MP+9 Str+6}
SInv    +            (boots unavailable)
Will    ++++.        E - amulet of Dishonesty {Reflect rPois rF+ Slay+3 SH+5}
Stlth   +            k - ring of Goecyutt {rCorr Dex+5}
HPRegen 2.09/turn    H - ring "Geck" {Fly rC+ rN+}
MPRegen 0.32/turn

%: reflection, clarity, guardian spirit
@: flying quickly and evasively, studying Staves, quick
A: beak, talons 3, nimble flight, clarity, dopey 1, frail 1, wild magic 1
0: Orb of Zot
}: 3/15 runes: decaying, serpentine, silver
a: Renounce Religion, Evoke Invisibility, Depart the Abyss, Banish, Corrupt,
Enter the Abyss


You escaped.
You worshipped Lugonu.
Lugonu was exalted by your worship.
You visited 10 branches of the dungeon, and saw 50 of its levels.
You visited the Abyss 1 time.
You also visited: Ice Cave and Volcano.

You collected 11252 gold pieces.
You spent 1484 gold pieces at shops.

Inventory:

Hand Weapons
 a - a +9 demon blade of distortion (weapon) {!w}
   (Okawaru gifted it to you on level 1 of the Swamp)
 b - the +4 demon blade "Mupruagu" {elec, rCorr}
   (Okawaru gifted it to you on level 4 of the Snake Pit)

   rCorr:     It protects you from acid and corrosion.
Missiles
 l - 13 silver javelins
 A - 3 throwing nets {!f}
Armour
 e - the +5 steam dragon scales of Courage {rC+++ Str+6 Int-4}
   (Okawaru gifted it to you on level 1 of the Vaults)

   Str:       It affects your strength (+6).
   Int:       It affects your intelligence (-4).
   rC:        It renders you almost immune to cold.
 p - a +5 kite shield of positive energy
   (Okawaru gifted it to you on level 1 of the Snake Pit)
 r - the scarf of Parlour Games (worn) {+Inv, rElec Will++ Dex-3 SInv}
   (You acquired it on level 8 of the Dungeon)

   Dex:       It affects your dexterity (-3).
   rElec:     It insulates you from electricity.
   SInv:      It lets you see invisible.
   Will:      It greatly increases your willpower.
 B - a +5 kite shield of cold resistance (worn)
   (You found it in an ice cave)
 G - the +3 pair of gloves of the Northern Lights (worn) {MP+9 Str+6}
   (You found it on level 4 of the Snake Pit)

   Str:       It affects your strength (+6).
   MP:        It affects your magic capacity (+9).
 O - the +1 hat "Utoi" (worn) {rF+}
   (Okawaru gifted it to you on level 4 of the Lair of Beasts)

   rF:        It protects you from fire.
 S - the +4 moon troll leather armour (worn) {Spirit, Regen++ MP+5}
   (You bought it in a shop on level 2 of the Orcish Mines)

   MP:        It affects your magic capacity (+5).
   Regen:     It increases your rate of health regeneration.
Magical Staves
 R - the staff of fire "Townynum" {rElec rPois rF+}
   (You found it on level 5 of the Realm of Zot)

   [staff of fire]

   Base accuracy: +5 Base damage: 5 Base attack delay: 1.2 This weapon's minimum
   attack delay (0.6) is reached at skill level 12.
   rF:        It protects you from fire.
   rElec:     It insulates you from electricity.
   rPois:     It protects you from poison.
   It falls into the 'Staves' category.
   It is a one-handed weapon.
Jewellery
 f - a +4 ring of protection
   (You found it on level 2 of the Dungeon)
 k - the ring of Goecyutt (left hand) {rCorr Dex+5}
   (You took it off a deep elf demonologist on level 3 of the Elven Halls)

   [ring of resist corrosion]

   Dex:       It affects your dexterity (+5).
   rCorr:     It protects you from acid and corrosion.
 E - the amulet of Dishonesty (around neck) {Reflect rPois rF+ Slay+3 SH+5}
   (You acquired it on level 7 of the Dungeon)

   [amulet of reflection]

   It reflects blocked missile attacks.
   Slay:      It affects your accuracy & damage with ranged weapons and melee
   (+3).
   rF:        It protects you from fire.
   rPois:     It protects you from poison.
   SH:        It affects your SH (+5).
 H - the ring "Geck" (right hand) {Fly rC+ rN+}
   (You found it on level 3 of the Crypt)

   [ring of positive energy]

   rC:        It protects you from cold.
   rN:        It protects you from negative energy.
   Fly:       It grants you flight.
Wands
 c - a wand of flame (85)
   (You took it off a goblin on level 8 of the Dungeon)
 z - a wand of iceblast (56)
   (You found it on level 5 of the Dungeon)
 D - a wand of charming (49)
   (You found it on level 1 of the Elven Halls)
 I - a wand of light (42)
   (You found it on level 2 of the Lair of Beasts)
 T - a wand of digging (26)
   (You found it on level 11 of the Dungeon)
 U - a wand of mindburst (45) (quivered)
   (You found it on level 12 of the Dungeon)
Scrolls
 h - 6 scrolls of fog
 j - 16 scrolls of fear
 m - 9 scrolls of enchant armour
 n - 6 scrolls of blinking
 o - 5 scrolls of immolation {!r}
 s - 7 scrolls of torment {!r}
 u - 12 scrolls of teleportation {@r4}
 v - 10 scrolls of poison
 C - 7 scrolls of butterflies
 L - 5 scrolls of silence
 Y - 4 scrolls of vulnerability {!r}
Potions
 d - 12 potions of mutation {!q}
 i - 24 potions of curing {@q1}
 q - 2 potions of haste {@q3}
 w - a potion of cancellation
 x - 7 potions of resistance
 y - 11 potions of attraction {!q}
 F - 5 potions of might
 J - 11 potions of brilliance
 K - a potion of invisibility
 M - 4 potions of magic
 N - 9 potions of lignification {!q}
 P - 5 potions of berserk rage
 W - 2 potions of heal wounds {@q2}
 Z - 6 potions of ambrosia
Miscellaneous
 g - a phantom mirror
   (You found it on level 2 of the Swamp)
 t - a lightning rod (4/4) {!a}
   (You found it on level 2 of the Orcish Mines)
 Q - a phial of floods
   (You found it on level 2 of the Snake Pit)
 V - a condenser vane
   (You found it on level 2 of the Orcish Mines)
 X - a box of beasts
   (You found it on level 13 of the Dungeon)


   Skills:
 + Level 26.8 Fighting
 - Level 2.1(10.6) Short Blades
 - Level 15.9(16.0) Long Blades
 - Level 5.0 Throwing
 + Level 11.7 Armour
 + Level 22.3 Dodging
 - Level 4.0 Stealth
 + Level 15.9 Shields
 - Level 3.0 Spellcasting
 - Level 9.0 Transmutations
 + Level 17.5 Invocations
 + Level 16.5 Evocations


You had 30 spell levels left.
You knew the following spells:

 Your Spells              Type           Power      Damage    Failure   Level
a - Wereblood             Tmut           25%        N/A       3%          2

Your spell library contained the following spells:

 Spells                   Type           Power      Damage    Failure   Level
 Beastly Appendage        Tmut           50%        N/A       2%          1
 Sting                    Tmut/Pois      52%        1d5       12%         1
 Spider Form              Tmut/Pois      13%        N/A       30%         3
 Blade Hands              Tmut           12%        N/A       41%         5
 Ignite Poison            Fire/Tmut/Pois 9%         N/A       47%         3
 Freeze                   Ice            4%         1d3       52%         1
 Magic Dart               Conj           4%         1d3       52%         1
 Shock                    Conj/Air       4%         1d3       52%         1
 Call Imp                 Summ           2%         N/A       67%         2
 Ensorcelled Hibernation  Hex/Ice        2%         N/A       67%         2
 Poisonous Vapours        Pois/Air       2%         N/A       67%         2
 Static Discharge         Conj/Air       2%         2-3/arc   67%         2
 Ice Form                 Ice/Tmut       13%        N/A       67%         4
 Dazzling Flash           Conj/Hex       2%         N/A       87%         3
 Frozen Ramparts          Ice            2%         1d1       87%         3
 Hailstorm                Conj/Ice       1%         3d3       87%         3
 Inner Flame              Hex/Fire       1%         N/A       87%         3
 Mephitic Cloud           Conj/Pois/Air  1%         N/A       87%         3
 Portal Projectile        Hex/Tloc       2%         N/A       87%         3
 Swiftness                Air            1%         N/A       87%         3
 Tukima's Dance           Hex            1%         N/A       87%         3
 Vhi's Electric Charge    Tloc/Air       2%         N/A       87%         3
 Volatile Blastmotes      Fire/Tloc      2%         2d10      87%         3
 Yara's Violent Unravell  Hex/Tmut       6%         3d5       95%         5
 Airstrike                Air            0%         2d(1-17)  99%         4
 Anguish                  Hex/Necr       0%         N/A       99%         4
 Animate Armour           Summ/Erth      2%         N/A       99%         4
 Cause Fear               Hex            0%         N/A       99%         4
 Flame Wave               Conj/Fire      1%         2d4       99%         4
 Iskenderun's Mystic Bla  Conj/Tloc      1%         2d3       99%         4
 Leda's Liquefaction      Hex/Erth       0%         N/A       99%         4
 Passage of Golubria      Tloc           1%         N/A       99%         4
 Sticky Flame             Conj/Fire      1%         2d3       99%         4
 Summon Lightning Spire   Summ/Air       1%         N/A       99%         4
 Arcjolt                  Conj/Air       0%         1d10      100%        5
 Lee's Rapid Deconstruct  Erth           0%         3d4*      100%        5
 Silence                  Hex/Air        0%         N/A       100%        5
 Summon Forest            Summ/Tloc      0%         N/A       100%        5
 Summon Mana Viper        Hex/Summ       1%         N/A       100%        5
 Conjure Ball Lightning   Conj/Air       0%         3x3d6     100%        6
 Iron Shot                Conj/Erth      0%         9d1       100%        6
 Plasma Beam              Fire/Air       0%         2x1d11    100%        6
 Simulacrum               Ice/Necr       0%         N/A       100%        6
 Starburst                Conj/Fire      0%         6d3       100%        6
 Statue Form              Tmut/Erth      8%         N/A       100%        6
 Summon Cactus Giant      Summ           0%         N/A       100%        6
 Dragon Form              Tmut           12%        N/A       100%        7
 Enfeeble                 Hex            0%         N/A       100%        7
 Monstrous Menagerie      Summ           0%         N/A       100%        7
 Orb of Destruction       Conj           0%         9d5       100%        7
 Storm Form               Tmut/Air       6%         N/A       100%        7
 Borgnjor's Revivificati  Necr           0%         N/A       100%        8
 Discord                  Hex            0%         N/A       100%        8
 Disjunction              Tloc           0%         N/A       100%        8
 Ignition                 Fire           0%         3d3       100%        8
 Lehudib's Crystal Spear  Conj/Erth      0%         10d2      100%        8
 Necromutation            Tmut/Necr      6%         N/A       100%        8
 Chain Lightning          Conj/Air       0%         2d1       100%        9
 Death's Door             Necr           0%         N/A       100%        9
 Dragon's Call            Summ           0%         N/A       100%        9
 Shatter                  Erth           0%         3d5*      100%        9


Dungeon Overview and Level Annotations

Branches:
Dungeon (15/15)            Temple (0/1) D:7            Lair (5/5) D:10
  Swamp (4/4) Lair:3        Snake (4/4) Lair:3        Slime (0/5) Lair:5
    Orc (2/2) D:10            Elf (3/3) Orc:2        Vaults (5/5) D:14
  Crypt (3/3) Vaults:2       Tomb (0/3) Crypt:3      Depths (4/4) D:15
    Zot (5/5) Depths:4      IceCv (visited)         Volcano (visited)

Altars:
Cheibriados
Fedhas
Hepliaklqana
Kikubaaqudgha
Nemelex Xobeh
Okawaru
Qazlal
Ru
Vehumet
Xom
Yredelemnul

Shops:
D:11 [   Orc:2 ([*:   Elf:1 *   Elf:2 [   Snake:2 (   Snake:3 :   Vaults:2 :
Depths:4 *

Portals:
Hell: Depths:1 Depths:2 Depths:3 Depths:4
Abyss: Depths:3
Pandemonium: Depths:2 Depths:3
Ziggurat: Depths:1

Annotations:
D:8 4 runed translucent doors
D:12 exclusion: oklob plant
Swamp:1 1 runed translucent door, Iffuusoj's ghost, adept MiBe
Swamp:4 3 runed translucent doors, popps's ghost, adept MiBe
Snake:3 6 transporters
Elf:2 corrupted
Elf:3 corrupted
Vaults:5 corrupted
Zot:5 corrupted


Innate Abilities, Weirdness & Mutations

You have a beak for a mouth.
You have claws for feet.
Your magical nature lets you fly swiftly and evasively.
You possess an exceptional clarity of mind.
You are dopey. (Int -2)
You are frail. (-10% HP)
Your spells are a little harder to cast, but a little more powerful.


Message History

You destroy the large abomination!
Lugonu accepts your kill.
No target in view!
(D) Dungeon (T) Temple (L) Lair (S) Swamp (P) Snake Pit (M) Slime Pits (O) Orcish Mines (E) Elven Halls (V) Vaults (C) Crypt (W) Tomb (U) Depths (H) Hell (Z) Zot
Where to? (Enter - D:1, ? - help)
There is a stone staircase leading up here.
You fly upwards.
There is a stone staircase leading down here.
(D) Dungeon (T) Temple (L) Lair (S) Swamp (P) Snake Pit (M) Slime Pits (O) Orcish Mines (E) Elven Halls (V) Vaults (C) Crypt (W) Tomb (U) Depths (H) Hell (Z) Zot
Where to? (Enter - D:1, ? - help) You're already here!
A shadow demon comes into view.
You block the shadow demon's attack.
You barely miss the shadow demon.
You claw the shadow demon, but do no damage.
You peck the shadow demon, but do no damage.
You block the shadow demon's attack.
You closely miss the shadow demon.
You claw the shadow demon, but do no damage.
Your peck misses the shadow demon. You slice the shadow demon!!
Space warps around the shadow demon.
You claw the shadow demon, but do no damage.
You peck the shadow demon, but do no damage.
The shadow demon is heavily wounded.
You block the shadow demon's attack.
You slash the shadow demon!
Space warps around the shadow demon.
You claw the shadow demon, but do no damage.
You peck the shadow demon.
The shadow demon is almost dead.
The shadow demon gestures.
You closely miss the shadow demon.
You claw the shadow demon, but do no damage.
The shadow demon is severely wounded.
You block the bat's attack.
You chop the shadow demon into pieces!!!
You kill the shadow demon!
Lugonu accepts your kill.
The kobold dissolves into shadows!
The bat dissolves into shadows!
The giant cockroach dissolves into shadows!
There is an open door here.
There is an open door here.
There is a large open door here.
There is a staircase leading out of the dungeon here.
You have escaped!

.#...~~~~~~~~~~~~≈~~~~~~~≈~~....#
.#...~~~≈≈≈~≈~≈≈≈≈≈≈≈≈≈~≈≈≈≈....#
.#...~≈≈≈≈≈≈≈≈≈≈≈≈≈≈≈≈≈≈≈≈≈~....#
.....~≈≈#'#'#≈≈≈≈≈≈≈#'#'#≈≈≈....#
#....~≈≈'(..##'###'##..>'≈≈~....#
##...~≈≈'...#.......#...'≈≈~....#
#...~~≈#†#'#.#####.###'#≈≈~....#
#....~≈≈≈#...#...#...'≈≈≈≈~....#
#..⌠..~≈~'.⌠.'.@.###.#≈≈≈≈≈....#
#..⌠..~~≈'.⌠.'...###.#≈≈≈≈~.....
#....≈≈≈≈#...#...#...'≈≈≈≈≈....#
##...~≈≈#+###.#####.###'#≈≈~....#
##...~≈≈+...'.......'...'≈≈~....#
.....~≈≈+...##+###'##...'≈≈~....#
##...≈≈≈#+#+#≈≈≈≈≈≈≈#+#+#≈~~....#
#...~≈≈≈≈≈≈≈≈≈≈≈≈≈≈≈≈≈≈≈≈≈~....#
#...~≈≈≈≈≈≈≈≈≈≈≈≈≈≈≈≈≈≈≈≈≈~.....


There were no monsters in sight!

Vanquished Creatures
  3 orbs of fire
  A dread lich (Zot:5)
  2 ancient liches
  A juggernaut (Depths:3)
  Sojobo (Depths:3)
  A shard shrike (IceCv)
  6 Killer Klowns
  Saint Roka (Orc:2)
  Bai Suzhen (Vaults:2)
  2 curse toes
  A caustic shrike (Depths:3)
  6 golden dragons
  A profane servitor (D:7)
  Jory (Crypt:3)
  A bone dragon (Depths:4)
  2 electric golems (Zot:5)
  10 tentacled monstrosities
  A walking crystal tome (Depths:3)
  Rupert (Snake:1)
  Jorgrun (D:14)
  3 liches
  A walking earthen tome (Depths:3)
  Mlioglotl (Snake:1)
  14 Orb Guardians (Zot:5)
  4 quicksilver dragons
  A walking divine tome (Depths:2)
  5 deep elf blademasters
  3 deep elf master archers
  5 death cobs
  15 titans
  8 acid blobs (Zot:1)
  5 tentacled starspawn (Abyss:2)
  2 ancient champions
  Frances (D:14)
  7 sphinxes
  Donald (Swamp:3)
  4 tengu reavers
  6 draconian monks
  10 shadow dragons
  18 fire giants
  12 storm dragons
  3 iron dragons
  7 deep elf sorcerers
  A revenant (Crypt:1)
  2 fenstrider witches
  2 nagarajas (Snake:4)
  4 draconian knights
  17 vault wardens
  4 draconian scorchers
  11 frost giants
  4 curse skulls
  12 ghouls
  A juggernaut zombie (Crypt:2)
  A ghost moth (Zot:5)
  14 ironbound preservers
  3 reapers
  A draconian shifter (Zot:1)
  2 draconian stormcallers
  Louise (Snake:1)
  3 deep elf elementalists (Elf:3)
  5 draconian annihilators
  3 orc warlords
  31 very ugly things
  A spriggan defender (Depths:3)
  5 ironbound thunderhulks
  20 vampire knights
  3 war gargoyles
  A caustic shrike skeleton (Crypt:1)
  28 stone giants
  A lorocyproca (D:7)
  5 eleionomae
  7 purple draconians
  4 green draconians
  11 black draconians
  10 deep elf demonologists
  5 bunyips
  8 white draconians
  4 red draconians
  3 dire elephants (Vaults:4)
  The ghost of ANNNA the Severer, a journeyman MiBe of Trog (Orc:2)
  18 yellow draconians
  4 deep elf annihilators (Elf:3)
  6 ettins
  3 eidola
  4 spark wasps
  12 deep elf death magi
  A blizzard demon (D:15)
  2 green deaths (Swamp:4)
  A quicksilver dragon zombie (Crypt:1)
  12 jiangshi
  2 entropy weavers
  11 yaktaur captains
  2 spriggan zombies (Crypt:2)
  Josephine (D:14)
  7 fire dragons
  A shambling mangrove (Swamp:3)
  4 great orbs of eyes
  6 deep elf high priests
  A salamander tyrant (Snake:4)
  A rakshasa (Abyss:2)
  30 vault guards
  A hell beast (Depths:3)
  3 ghost crabs
  An ice dragon (shapeshifter) (Vaults:5)
  A peacekeeper (Vaults:1)
  2 spriggan air magi
  10 ice dragons
  11 ironbound frosthearts
  An ogre mage (D:13)
  8 boulder beetles
  22 hydras
  2 two-headed ogres
  9 anacondas
  A caustic shrike simulacrum (Crypt:2)
  11 naga warriors
  27 dancing weapons
  4 death knights
  8 alligators
  12 centaur warriors
  3 tengu warriors
  3 deep troll shamans
  2 death yaks (Lair:4)
  8 vampire magi
  4 thrashing horrors
  3 hell hogs
  4 naga sharpshooters
  8 shock serpents
  7 deep troll earth magi
  3 orc high priests
  2 storm dragon zombies
  A shock serpent (shapeshifter) (Depths:2)
  3 sun demons
  6 spriggan berserkers
  A salamander mystic (Snake:4)
  Nergalle (Orc:1)
  2 wretched stars (Abyss:2)
  23 deep elf knights
  5 shadow wraiths
  A soul eater (Crypt:1)
  2 sixfirhies
  2 hell knights
  A spark wasp zombie (Crypt:1)
  3 golden dragon zombies (Crypt:3)
  5 iron trolls
  37 skeletal warriors
  2 skysharks
  A spatial maelstrom (Abyss:2)
  2 shadow demons
  A storm dragon skeleton (Crypt:1)
  5 spriggan druids
  A ghost moth zombie (Crypt:3)
  6 naga ritualists
  40 deep trolls
  7 goliath frogs
  4 flayed ghosts
  2 glowing orange brains
  2 anaconda zombies (Crypt:3)
  3 bunyip zombies
  An orb spider (shapeshifter) (Vaults:5)
  A bunyip skeleton (Crypt:1)
  9 bog bodies
  5 harpies (Vaults:1)
  15 deep elf archers
  2 spriggan simulacra (Crypt:2)
  An orange crystal statue (IceCv)
  10 wizards
  11 swamp dragons
  5 lindwurms
  An anaconda skeleton (Crypt:2)
  6 large abominations
  21 phantasmal warriors
  6 necromancers
  13 ironbound convokers
  53 ugly things
  28 deep elf zephyrmancers
  2 oklob plants (Zot:1)
  A jorogumo zombie (Crypt:2)
  A wolf spider (Vaults:5)
  14 orc knights
  A human zombie (Vaults:4)
  6 manticores
  2 orc sorcerers (Orc:2)
  8 mana vipers
  2 cyclopes
  A moth of wrath (shapeshifter) (Vaults:1)
  A frost giant zombie (Vaults:4)
  25 deep elf pyromancers
  8 salamanders
  An iron dragon skeleton (Crypt:2)
  19 moths of wrath
  A dire elephant zombie (Crypt:3)
  2 worldbinders (Abyss:2)
  20 elephants
  5 guardian serpents
  A salamander (shapeshifter) (Elf:3)
  22 vault sentinels
  A stone giant skeleton (Abyss:2)
  30 slime creatures
  12 cane toads
  3 titan simulacra (Crypt:2)
  2 torpor snails
  32 black mambas
  An eye of devastation (Abyss:2)
  17 naga magi
  A naga zombie (Crypt:3)
  A molten gargoyle (Volcano)
  3 smoke demons
  3 orange demons
  A gargoyle (D:13)
  A frost giant skeleton (Crypt:2)
  An unseen horror (D:10)
  An alligator snapping turtle zombie (Crypt:2)
  19 rime drakes
  12 komodo dragons
  An ice devil (Depths:2)
  A bunyip simulacrum (Crypt:2)
  A komodo dragon (shapeshifter) (Vaults:5)
  23 yaktaurs
  3 red devils (Volcano)
  22 freezing wraiths
  6 tengu conjurers
  2 harpy zombies
  A black draconian skeleton (Crypt:1)
  An ancient zyme (Abyss:2)
  A meliai (shapeshifter) (D:14)
  3 hellwings (Abyss:1)
  A merfolk (shapeshifter) (Vaults:5)
  8 trolls
  7 tyrant leeches
  A human skeleton (Vaults:4)
  A bloated husk (Swamp:3)
  An iron troll skeleton (Crypt:3)
  20 polar bears
  3 meliai (D:15)
  A wind drake (shapeshifter) (Depths:2)
  22 hornets
  3 harpy skeletons (Crypt:1)
  5 blink frogs
  A hydra zombie (Swamp:2)
  A fire dragon zombie (Crypt:3)
  A dream sheep (shapeshifter) (Vaults:5)
  Prince Ribbit (D:8)
  4 flying skulls (Crypt:3)
  3 stone giant simulacra
  A spriggan (shapeshifter) (D:15)
  4 air elementals
  25 spriggans
  A black mamba zombie (Crypt:3)
  An ettin skeleton (Crypt:3)
  Sigmund (D:2)
  22 vampires
  17 yaks
  A culicivora (shapeshifter) (Depths:2)
  3 shadows (Swamp:4)
  A centaur simulacrum (Crypt:2)
  8 water elementals
  10 fire bats
  16 wraiths
  4 wyverns
  2 ynoxinuls (Depths:2)
  2 dire elephant simulacra (Crypt:2)
  4 basilisks
  5 vampire mosquitoes
  A chaos spawn (D:7)
  A fire elemental (Elf:3)
  A steam dragon (D:6)
  An alligator snapping turtle simulacrum (Crypt:2)
  3 neqoxecs
  42 nagas
  4 harpy simulacra (Crypt:2)
  15 swamp worms
  5 wargs
  A demonspawn zombie (Crypt:1)
  An entropy weaver zombie (Crypt:2)
  A hell hound (Volcano)
  A cane toad zombie (Crypt:2)
  19 water moccasins
  4 small abominations
  3 sky beasts
  An ettin simulacrum (Crypt:1)
  A cane toad skeleton (Crypt:1)
  Pargi (D:3)
  7 black bears
  A meliai simulacrum (D:13)
  8 ogres
  An elephant zombie (Crypt:2)
  37 orc warriors
  6 swamp drakes
  An ice dragon simulacrum (Crypt:1)
  18 wolves
  6 centaurs
  8 boggarts
  2 wolves (shapeshifter) (Vaults:5)
  A manticore skeleton (Crypt:3)
  A rime drake zombie (Crypt:1)
  An elephant skeleton (Crypt:2)
  A phantom (D:4)
  6 kobold brigands
  11 bullfrogs
  A rime drake skeleton (Crypt:3)
  3 gnoll sergeants
  11 necrophages
  4 earth elementals
  A naga simulacrum (Crypt:2)
  A scorpion (D:5)
  A warg skeleton (Crypt:2)
  2 howler monkeys (D:10)
  2 electric eels (D:9)
  6 lava snakes (Volcano)
  A quasit (Abyss:2)
  23 jellies
  25 orc priests
  A gnoll bouda (D:5)
  2 hounds
  5 sleepcaps
  5 iguanas
  36 orc wizards
  13 hell rats
  16 gnolls
  6 adders
  2 river rats
  A steam dragon skeleton (Crypt:3)
  2 white imps
  2 ufetubi (Abyss:2)
  An adder skeleton (Crypt:1)
  3 worms
  A dart slug (D:5)
  110 orcs
  7 endoplasms
  3 giant cockroaches
  8 hobgoblins
  32 kobolds
  A quokka (D:3)
  10 ball pythons
  A bat (D:1)
  13 frilled lizards
  10 goblins
  A goblin skeleton (Crypt:1)
  A kobold skeleton (Crypt:1)
  An orc skeleton (Crypt:3)
  An orc zombie (Crypt:3)
  5 rats
2250 creatures vanquished.

Vanquished Creatures (collateral kills)
  A vault warden (Vaults:5)
  An ironbound preserver (Vaults:5)
  A stone giant (Vaults:5)
  A shadow wraith (Vaults:5)
  A phantasmal warrior (Vaults:5)
  A freezing wraith (Vaults:5)
6 creatures vanquished.

Vanquished Creatures (others)
  A titan (Elf:2)
  A deep elf master archer (Elf:3)
  4 Orb Guardians (Zot:5)
  A tengu reaver (Depths:3)
  2 shadow dragons
  2 deep elf sorcerers (Elf:3)
  2 deep elf elementalists (Elf:3)
  An ironbound preserver (Vaults:3)
  2 deep elf demonologists (Elf:3)
  4 deep elf annihilators
  A deep elf death mage (Elf:3)
  2 deep elf high priests
  A vault guard (Vaults:5)
  5 dancing weapons (Elf:2)
  4 deep elf knights
  2 deep elf pyromancers (Elf:2)
  A necromancer (Crypt:1)
  4 deep elf zephyrmancers
  A bloated husk (Swamp:4)
  An orc warrior (Elf:2)
  A kobold (D:8)
  4 spectral weapons
  17 starspawn tentacles
64 creatures vanquished.

Grand Total: 2320 creatures vanquished

Notes
Turn   | Place    | Note
-------+----------+-------------------------------------------
     0 | D:1      | GeoRichter the Tengu Brigand began the quest for the Orb.
     0 | D:1      | Reached XP level 1. HP: 12/12 MP: 2/2
   102 | D:1      | Reached skill level 1 in Long Blades
   162 | D:1      | Reached XP level 2. HP: 17/17 MP: 3/3
   563 | D:1      | Reached XP level 3. HP: 22/22 MP: 4/4
  1026 | D:2      | Noticed Sigmund
  1083 | D:2      | Killed Sigmund
  1084 | D:2      | Reached skill level 3 in Fighting
  1084 | D:2      | Reached XP level 4. HP: 28/28 MP: 5/5
  1084 | D:2      | Gained mutation: Your magical nature lets you fly swiftly
                  | and evasively. [Tengu growth]
  1084 | D:2      | Reached XP level 5. HP: 32/32 MP: 6/6
  1853 | D:3      | Reached skill level 5 in Long Blades
  1853 | D:3      | Reached XP level 6. HP: 38/38 MP: 7/7
  2086 | D:3      | Found a faded altar of an unknown god.
  2547 | D:3      | Noticed Pargi
  2667 | D:3      | Found a shimmering altar of Xom.
  2668 | D:3      | Found an iron altar of Okawaru.
  2681 | D:3      | Became a worshipper of Warmaster Okawaru
  2805 | D:4      | Noticed a black bear
  2821 | D:4      | Killed a black bear
  2822 | D:4      | Reached skill level 4 in Fighting
  2968 | D:4      | Reached XP level 7. HP: 29/44 MP: 5/8
  3409 | D:4      | Found a sacrificial altar of Ru.
  3448 | D:4      | Reached * piety under Okawaru
  3888 | D:5      | Entered Level 5 of the Dungeon
  4171 | D:5      | Reached skill level 5 in Fighting
  4543 | D:5      | Reached skill level 1 in Invocations
  4543 | D:5      | Reached XP level 8. HP: 45/49 MP: 8/10
  5598 | D:6      | Reached ** piety under Okawaru
  5723 | D:6      | Reached XP level 9. HP: 49/54 MP: 9/12
  5792 | D:6      | Reached skill level 10 in Long Blades
  6171 | D:6      | Reached skill level 1 in Armour
  6531 | D:6      | Reached skill level 1 in Shields
  6797 | D:7      | Reached *** piety under Okawaru
  6798 | D:7      | Identified 2 scrolls of acquirement
  6799 | D:7      | Acquired the amulet of Dishonesty {Reflect rPois rF+ Slay+3
                  | SH+5}
  6812 | D:7      | Acquired a +4 heavy great sword
  6857 | D:7      | Found a staircase to the Ecumenical Temple.
  7424 | D:8      | Acquired the scarf of Parlour Games {+Inv, rElec Will++
                  | Dex-3 SInv}
  7531 | D:8      | Found a radiant altar of Vehumet.
  7846 | D:8      | Noticed Prince Ribbit
  7850 | D:8      | Killed Prince Ribbit
  7851 | D:8      | Reached skill level 6 in Fighting
  7947 | D:8      | Found a huge runed translucent gate.
  7947 | D:8      | Found a huge runed translucent gate.
  7947 | D:8      | Found a huge runed translucent gate.
  7947 | D:8      | Found a huge runed translucent gate.
  7947 | D:8      | Noticed a manticore
  7947 | D:8      | Noticed a polar bear
  7947 | D:8      | Noticed a polar bear
  7947 | D:8      | Noticed a polar bear
  7948 | D:8      | Noticed a polar bear
  7948 | D:8      | Noticed a manticore
  7948 | D:8      | Noticed a manticore
  8240 | D:8      | Found an ancient bone altar of Kikubaaqudgha.
  8389 | D:9      | Noticed a hornet
  8397 | D:9      | Killed a hornet
  8397 | D:9      | Reached **** piety under Okawaru
  8398 | D:9      | Reached skill level 5 in Invocations
  8398 | D:9      | Reached XP level 10. HP: 60/60 MP: 14/14
  8755 | D:9      | Found a sparkling altar of Nemelex Xobeh.
  8836 | D:9      | Reached ***** piety under Okawaru
  9325 | D:9      | Received a gift from Okawaru
  9330 | D:9      | Reached skill level 7 in Fighting
  9539 | D:3      | Found a hazy altar of Hepliaklqana.
  9546 | D:3      | Killed Pargi
  9805 | D:10     | Entered Level 10 of the Dungeon
 10055 | D:10     | Found a staircase to the Lair.
 10128 | D:10     | Noticed an unseen horror
 10142 | D:10     | Killed an unseen horror
 10143 | D:10     | Reached XP level 11. HP: 40/67 MP: 16/16
 10322 | D:10     | Found a staircase to the Orcish Mines.
 10554 | Lair:1   | Entered Level 1 of the Lair of Beasts
 10638 | Lair:1   | Found a dark tunnel.
 10659 | Volcano  | Entered a volcano
 10894 | Volcano  | Found a radiant altar of Vehumet.
 10989 | Volcano  | Noticed an orc sorcerer
 11083 | Lair:1   | Reached skill level 8 in Fighting
 11088 | Lair:1   | Received a gift from Okawaru
 11201 | Lair:1   | Received a gift from Okawaru
 11338 | Lair:1   | You are sucked into a shaft and drop 1 floor!
 11338 | Lair:2   | Noticed an eight-headed hydra
 11349 | Lair:2   | Killed an eight-headed hydra
 11350 | Lair:2   | Reached skill level 5 in Armour
 12130 | Lair:2   | Got the Secrets of Felsic Portals
 12131 | Lair:2   | Noticed a six-headed hydra
 12139 | Lair:2   | Killed a six-headed hydra
 12140 | Lair:2   | Reached XP level 12. HP: 61/75 MP: 15/18
 12848 | Lair:3   | Noticed an eight-headed hydra
 12848 | Lair:3   | Found a staircase to the Snake Pit.
 12893 | Lair:2   | Killed an eight-headed hydra
 12894 | Lair:2   | Reached skill level 9 in Fighting
 12960 | Lair:3   | Reached skill level 15 in Long Blades
 13292 | Lair:3   | Found a staircase to the Swamp.
 13315 | Lair:3   | Noticed a skyshark
 13329 | Lair:3   | Killed a skyshark
 14199 | Lair:4   | Noticed a death yak
 14199 | Lair:4   | Noticed a death yak
 14290 | Lair:4   | Killed a death yak
 14290 | Lair:4   | Identified the +1 hat "Utoi" {rF+} (Okawaru gifted it to
                  | you on level 4 of the Lair of Beasts)
 14290 | Lair:4   | Received a gift from Okawaru
 14291 | Lair:4   | Reached skill level 10 in Fighting
 14301 | Lair:4   | Killed a death yak
 14340 | Lair:4   | Reached XP level 13. HP: 61/82 MP: 20/20
 14457 | Lair:4   | Identified the +4 lajatang "Dumela Culi" {drain, Str-3
                  | Dex+6}
 14876 | Lair:5   | Entered Level 5 of the Lair of Beasts
 14998 | Lair:5   | Reached skill level 5 in Dodging
 15072 | Lair:5   | Reached skill level 11 in Fighting
 15469 | Lair:5   | Reached skill level 1 in Evocations
 15551 | Lair:4   | Identified the +7 chain mail "Zynu" {Regen+ Dex+2} (Okawaru
                  | gifted it to you on level 4 of the Lair of Beasts)
 15551 | Lair:4   | Received a gift from Okawaru
 15942 | Lair:5   | Reached skill level 12 in Fighting
 16209 | Lair:4   | Reached XP level 14. HP: 66/92 MP: 21/21
 16302 | Lair:5   | Found a staircase to the Slime Pits.
 16397 | Lair:5   | Reached skill level 5 in Evocations
 17163 | Orc:1    | Entered Level 1 of the Orcish Mines
 17163 | Orc:1    | Noticed Nergalle
 17172 | Orc:1    | Killed Nergalle
 17494 | Orc:2    | Entered Level 2 of the Orcish Mines
 17494 | Orc:2    | Found a staircase to the Elven Halls.
 17603 | Orc:1    | Reached skill level 13 in Fighting
 17887 | Orc:2    | Noticed ANNNA's ghost (journeyman MiBe)
 17904 | Orc:2    | Identified the +0 hat of the Many Princes {Harm Drain rN+
                  | rCorr} (Okawaru gifted it to you on level 2 of the Orcish
                  | Mines)
 17904 | Orc:2    | Received a gift from Okawaru
 18010 | Orc:2    | Found a transporter.
 18039 | Orc:2    | Found a transporter.
 18285 | Orc:2    | Noticed Saint Roka
 18311 | Orc:2    | Killed Saint Roka
 18401 | Orc:2    | Found Hampups's Antique Armour Shop.
 18409 | Orc:2    | Reached skill level 14 in Fighting
 18420 | Orc:2    | Found Jeagu Odorio's Antique Weapon Boutique.
 18459 | Orc:2    | Found Ipefa's Assorted Antiques.
 18483 | Orc:2    | Bought a scroll of enchant weapon for 285 gold pieces
 18647 | Orc:2    | Found Wuneot's Book Shop.
 18829 | Orc:2    | Bought the +4 moon troll leather armour {Spirit, Regen++
                  | MP+5} for 1199 gold pieces
 18829 | Orc:2    | Found the +4 moon troll leather armour {Spirit, Regen++
                  | MP+5}
 19104 | D:11     | Found Furcho's Armour Shoppe.
 20095 | D:12     | Received a gift from Okawaru
 20096 | D:12     | Reached XP level 15. HP: 101/101 MP: 22/22
 20153 | D:12     | Acquired 597 gold pieces
 20780 | D:12     | Found a blossoming altar of Fedhas.
 21194 | D:13     | Got the Guidebook on the Transmuted Chill
 21591 | D:12     | Reached skill level 15 in Fighting
 21835 | D:13     | Identified the +1 glaive of Geheonul {flame, Str+3}
 22207 | D:14     | Noticed Josephine
 22209 | D:14     | Reached ****** piety under Okawaru
 22222 | D:14     | Identified the +0 cloak "Teqeudy" {Fly Will++ Int+2 Slay-5}
                  | (Okawaru gifted it to you on level 14 of the Dungeon)
 22222 | D:14     | Received a gift from Okawaru
 22229 | D:14     | Killed Josephine
 22230 | D:14     | Reached skill level 10 in Dodging
 22495 | D:14     | Noticed Jorgrun
 22507 | D:14     | Killed Jorgrun
 22697 | D:14     | Found a gate to the Vaults.
 22858 | D:14     | Noticed Frances
 22868 | D:14     | HP: 2/103 [Frances/iron shot (52)]
 23294 | D:14     | Killed Frances
 23723 | D:15     | Entered Level 15 of the Dungeon
 23753 | D:15     | Reached XP level 16. HP: 40/110 MP: 7/23
 24139 | D:15     | Found a staircase to the Depths.
 24153 | D:15     | Reached skill level 16 in Fighting
 24508 | D:15     | Found a hazy altar of Hepliaklqana.
 25048 | Orc:2    | Killed ANNNA's ghost
 25214 | Swamp:1  | Entered Level 1 of the Swamp
 25327 | Swamp:1  | Received a gift from Okawaru
 25445 | Swamp:1  | Found a runed translucent door.
 25445 | Swamp:1  | Found a shimmering altar of Xom.
 25445 | Swamp:1  | Noticed Iffuusoj's ghost (adept MiBe)
 25938 | Swamp:1  | Noticed a fenstrider witch
 25948 | Swamp:1  | Killed a fenstrider witch
 26215 | Swamp:2  | Received a gift from Okawaru
 26394 | Swamp:2  | Noticed a fenstrider witch
 26425 | Swamp:2  | Killed a fenstrider witch
 26554 | Swamp:2  | Found a snail-covered altar of Cheibriados.
 26571 | Swamp:2  | Reached skill level 17 in Fighting
 26744 | Swamp:2  | Found a stormy altar of Qazlal.
 26955 | Swamp:3  | Noticed Donald
 26974 | Swamp:3  | Killed Donald
 26998 | Swamp:3  | Reached skill level 10 in Evocations
 27001 | Swamp:3  | Found a frozen archway.
 27023 | IceCv    | Entered an ice cave
 27034 | IceCv    | Received a gift from Okawaru
 27231 | IceCv    | Identified the +0 chain mail of Action {Int+6 Slay-6}
 27269 | IceCv    | Reached XP level 17. HP: 115/117 MP: 24/24
 27590 | IceCv    | Received a gift from Okawaru
 27828 | IceCv    | Noticed a shard shrike
 27956 | IceCv    | Killed a shard shrike
 28399 | Swamp:3  | Paralysed by a hornet for 1 turns
 28540 | Swamp:3  | Reached skill level 5 in Shields
 28663 | Swamp:3  | Identified the +0 buckler of the Everdark {Int+4} (Okawaru
                  | gifted it to you on level 3 of the Swamp)
 28663 | Swamp:3  | Received a gift from Okawaru
 29328 | Swamp:4  | Entered Level 4 of the Swamp
 29678 | Swamp:4  | Reached skill level 18 in Fighting
 29947 | Swamp:4  | Found a runed translucent gate.
 30217 | Swamp:4  | Found a runed translucent gate.
 30218 | Swamp:4  | Found a runed translucent gate.
 30235 | Swamp:4  | Noticed popps's ghost (adept MiBe)
 30355 | Swamp:4  | Received a gift from Okawaru
 30365 | Swamp:4  | Noticed a tentacled monstrosity
 30542 | Swamp:4  | Killed a tentacled monstrosity
 30543 | Swamp:4  | Reached XP level 18. HP: 22/126 MP: 2/25
 30720 | Swamp:4  | Got a decaying rune of Zot
 30886 | Snake:1  | Entered Level 1 of the Snake Pit
 30954 | Snake:1  | Identified the +6 chain mail of Pefawnubb {Rampage Will-
                  | rCorr Int+4}
 31316 | Snake:1  | Received a gift from Okawaru
 31524 | Snake:1  | Noticed Louise
 31525 | Snake:1  | Noticed Mlioglotl
 31553 | Snake:1  | Killed Louise
 31554 | Snake:1  | Reached skill level 10 in Shields
 31563 | Snake:1  | Killed Mlioglotl
 31635 | Snake:1  | Noticed Rupert
 31652 | Snake:1  | Killed Rupert
 32127 | Snake:2  | Found Yhouzuqu's Weapon Boutique.
 32231 | Snake:2  | You are sucked into a shaft and drop 1 floor!
 32231 | Snake:3  | Found a transporter.
 32231 | Snake:3  | Found a transporter.
 32309 | Snake:3  | Found a transporter.
 32310 | Snake:3  | Found a transporter.
 32454 | Snake:3  | Found an ancient bone altar of Kikubaaqudgha.
 32544 | Snake:3  | Found Hoger's Book Emporium.
 32753 | Snake:3  | Found a transporter.
 32755 | Snake:3  | Found a transporter.
 33183 | Snake:2  | Reached skill level 19 in Fighting
 33925 | Snake:4  | Entered Level 4 of the Snake Pit
 34150 | Snake:4  | Identified the +3 pair of gloves of the Northern Lights
                  | {MP+9 Str+6}
 34214 | Snake:4  | Identified the +4 demon blade "Mupruagu" {elec, rCorr}
                  | (Okawaru gifted it to you on level 4 of the Snake Pit)
 34214 | Snake:4  | Received a gift from Okawaru
 35286 | Snake:4  | Reached XP level 19. HP: 110/133 MP: 26/26
 35557 | Snake:4  | Got a serpentine rune of Zot
 35575 | Snake:4  | Received a gift from Okawaru
 35896 | Vaults:1 | Entered Level 1 of the Vaults
 36239 | Vaults:1 | HP: 6/133 [vault warden/+0 great sword (34)]
 36305 | Vaults:1 | Reached skill level 5 in Throwing
 36499 | Vaults:1 | Reached skill level 15 in Dodging
 36634 | Vaults:1 | Received a gift from Okawaru
 36894 | Vaults:1 | Identified the +5 steam dragon scales of Courage {rC+++
                  | Str+6 Int-4} (Okawaru gifted it to you on level 1 of the
                  | Vaults)
 36894 | Vaults:1 | Received a gift from Okawaru
 37216 | Vaults:1 | Got the Folio of Unified Changing
 37318 | Vaults:1 | Identified the staff of conjuration "Tocoesti" {rElec Str+2
                  | Stlth+}
 38002 | Vaults:2 | Found Tuum's Book Emporium.
 38054 | Vaults:2 | Reached skill level 20 in Fighting
 38077 | Vaults:1 | Reached XP level 20. HP: 106/140 MP: 27/27
 38630 | Vaults:2 | Found a staircase to the Crypt.
 38630 | Vaults:2 | Found a basalt altar of Yredelemnul.
 38631 | Vaults:2 | Found an ancient bone altar of Kikubaaqudgha.
 38669 | Vaults:2 | Noticed Bai Suzhen
 38692 | Vaults:2 | Killed Bai Suzhen
 38905 | Vaults:2 | Noticed a golden dragon
 38929 | Vaults:2 | Killed a golden dragon
 39900 | Vaults:2 | Received a gift from Okawaru
 40065 | Vaults:2 | Reached skill level 15 in Evocations
 41590 | Vaults:3 | Received a gift from Okawaru
 42117 | Vaults:4 | Noticed an ancient lich
 42143 | Vaults:4 | Killed an ancient lich
 42160 | Vaults:4 | Identified the +6 broad axe of Putrescence {antimagic,
                  | *Slow rElec rF- rC+++}
 42181 | Vaults:4 | Identified the +2 scale mail of the Crafting Gods {rN++
                  | rCorr MP-9 Str-4}
 42300 | Vaults:4 | Reached skill level 21 in Fighting
 42303 | Vaults:4 | Reached XP level 21. HP: 148/148 MP: 29/29
 42886 | Vaults:4 | Reached skill level 10 in Invocations
 43991 | Depths:1 | Entered Level 1 of the Depths
 43992 | Depths:1 | Found a one-way gateway to a ziggurat.
 43999 | Depths:1 | Received a gift from Okawaru
 44868 | Depths:1 | Identified the +8 plate armour of the Catamount {*Corrode
                  | rElec rPois rF+++} (Okawaru gifted it to you on level 1 of
                  | the Depths)
 44868 | Depths:1 | Received a gift from Okawaru
 45183 | Depths:1 | Reached skill level 22 in Fighting
 45196 | Depths:1 | Found a gateway to Hell.
 45694 | Depths:2 | Found a one-way gate leading to the halls of Pandemonium.
 46844 | Depths:3 | Noticed a juggernaut
 46880 | Depths:3 | Reached XP level 22. HP: 89/158 MP: 31/31
 46927 | Depths:3 | Killed a juggernaut
 47170 | Depths:3 | Noticed Sojobo
 47191 | Depths:3 | Killed Sojobo
 47735 | Depths:3 | Received a gift from Okawaru
 47797 | Depths:3 | Identified the staff of earth "Varoshem" {Dex+5}
 47830 | Depths:3 | Noticed a caustic shrike
 47840 | Depths:3 | Killed a caustic shrike
 47924 | Depths:3 | Received a gift from Okawaru
 48023 | Depths:3 | HP: 3/158 [deep troll earth mage/blast of rock fragments
                  | (14)]
 48522 | Depths:3 | Reached skill level 23 in Fighting
 48531 | Depths:3 | Received a gift from Okawaru
 49077 | Depths:3 | Received a gift from Okawaru
 49095 | Depths:3 | Found a one-way gate to the infinite horrors of the Abyss.
 49615 | Depths:3 | Voluntarily entered the Abyss.
 49677 | Abyss:1  | Gained mutation: You are weak. (Str -2) [a neqoxec]
 50386 | Abyss:2  | Found a corrupted altar of Lugonu.
 50395 | Abyss:2  | Fell from the grace of Okawaru
 50395 | Abyss:2  | Became a worshipper of Lugonu the Unformed
 50395 | Abyss:2  | Reached * piety under Lugonu
 50395 | Abyss:2  | Reached ** piety under Lugonu
 50396 | Depths:3 | Escaped the Abyss
 50643 | Elf:1    | Entered Level 1 of the Elven Halls
 51559 | Elf:1    | Found Suuqy's Overcharged Wands.
 51762 | Elf:2    | Reached XP level 23. HP: 140/166 MP: 33/33
 51806 | Elf:2    | Paralysed by an air elemental for 1 turns
 51819 | Elf:2    | Reached *** piety under Lugonu
 51943 | Elf:2    | Paralysed by an air elemental for 1 turns
 51966 | Elf:2    | Reached skill level 24 in Fighting
 52248 | Elf:2    | Found Topi's Antique Armour Shop.
 52291 | Elf:2    | Found a runed translucent gate.
 52291 | Elf:2    | Found a runed translucent gate.
 52291 | Elf:2    | Found a runed translucent gate.
 52729 | Elf:2    | Reached **** piety under Lugonu
 52770 | Elf:2    | Corrupted Elf:2
 53024 | Elf:3    | Entered Level 3 of the Elven Halls
 53362 | Elf:3    | Identified the ring of Goecyutt {rCorr Dex+5}
 53519 | Elf:3    | Corrupted Elf:3
 53524 | Elf:3    | Gained mutation: Your body sometimes deteriorates upon
                  | taking damage. [a neqoxec]
 53541 | Elf:3    | Identified the +1 robe of Gurunguq {rC+ Str+4 Dex+2}
 53588 | Elf:3    | Lost mutation: Your body sometimes deteriorates upon taking
                  | damage. [potion of mutation]
 53588 | Elf:3    | Lost mutation: You are weak. (Str -2) [potion of mutation]
 53588 | Elf:3    | Gained mutation: You possess an exceptional clarity of
                  | mind. [potion of mutation]
 53730 | Elf:3    | Identified the +0 robe of the Dice {Harm Drain rC+ Slay+5}
 53934 | Elf:3    | Identified the staff of fire "Gawnew" {rF+ Int+3}
 53968 | Elf:3    | Got Raizo Zie's Lost Codex of Boris
 53974 | Elf:3    | Got the Omnibus of Foggy Wildfire
 54054 | Elf:3    | Found the macabre finger necklace {Finger+ rN+}
 54054 | Elf:3    | Found the +7 mace of Variability {chaos, chaos arc}
 54604 | Crypt:1  | Entered Level 1 of the Crypt
 54723 | Crypt:1  | Reached ***** piety under Lugonu
 54914 | Crypt:1  | Reached skill level 25 in Fighting
 55646 | Crypt:2  | Reached XP level 24. HP: 174/176 MP: 34/34
 56177 | Crypt:2  | Reached ****** piety under Lugonu
 56199 | Crypt:2  | Identified a +4 demon blade of distortion {!w} (a +2
                  | vampiric demon blade {!w} corrupted by Lugonu)
 56199 | Crypt:2  | Received a gift from Lugonu
 56760 | Crypt:2  | Identified the ring "Enocec" {Drain rPois Str+6 Stlth+}
 56809 | Crypt:3  | Entered Level 3 of the Crypt
 57766 | Crypt:3  | Identified the ring "Geck" {Fly rC+ rN+}
 57766 | Crypt:3  | Identified the ring of Kenteet {rN+ Stlth+}
 57999 | Crypt:3  | Found a staircase to the Tomb.
 58301 | Crypt:3  | Reached skill level 15 in Invocations
 58336 | Crypt:3  | Noticed Jory
 58355 | Crypt:3  | Killed Jory
 58414 | Crypt:3  | Identified the +2 war axe of Mourning {flame, rPois rF+
                  | Str-5 SInv}
 58436 | Crypt:3  | Identified the +1 robe of a Gauntlet {Int+5}
 58441 | Crypt:3  | Identified the +4 glaive of Xom's Delight {pain, rN+ Int+4}
 58502 | Crypt:3  | Was forgiven by Okawaru
 59065 | Vaults:5 | Entered Level 5 of the Vaults
 59094 | Vaults:5 | Reached XP level 25. HP: 93/183 MP: 35/35
 59378 | Vaults:5 | Noticed an ancient lich
 59387 | Vaults:5 | Banished an ancient lich
 59415 | Vaults:5 | Corrupted Vaults:5
 59473 | Vaults:5 | Reached skill level 26 in Fighting
 59701 | Vaults:5 | Identified the +6 sling of Puer {freeze, rElec rC+ rCorr}
 59771 | Vaults:5 | Got a silver rune of Zot
 60022 | Vaults:5 | Identified the +2 trident of Objectivity {venom, rF+}
 60024 | Vaults:5 | Got the Grimoire of Fuming Glamour
 60075 | Vaults:5 | Identified the +2 short sword of Intimidation {antimagic,
                  | Int+3 Dex+3 Stlth+}
 60169 | Vaults:5 | Learned a level 2 spell: Wereblood
 61014 | Depths:4 | Entered Level 4 of the Depths
 61021 | Depths:4 | Found Fuzipuf's Blood Bar.
 61035 | Depths:4 | Reached skill level 1 in Transmutations
 61071 | Depths:4 | Reached skill level 1 in Spellcasting
 61394 | Depths:4 | Found a gate to the Realm of Zot.
 61641 | Depths:4 | Reached skill level 5 in Transmutations
 61862 | Zot:1    | Entered Level 1 of the Realm of Zot
 62117 | Zot:1    | Reached XP level 26. HP: 163/190 MP: 36/36
 63101 | Zot:1    | Identified the +0 chain mail of the Hall of Blades {rElec
                  | Will+ Slay+2}
 63824 | Zot:2    | Noticed an orb of fire
 63825 | Zot:2    | Gained mutation: You are dopey. (Int -2) [an orb of fire]
 63827 | Zot:2    | Gained mutation: You are frail. (-10% HP) [an orb of fire]
 63838 | Zot:2    | Killed an orb of fire
 64476 | Zot:3    | Noticed a Killer Klown
 64488 | Zot:3    | Killed a Killer Klown
 64647 | Zot:3    | Identified the +0 war axe "Goda Dac" {holy, rC- Will++
                  | Int+5}
 64673 | Zot:3    | Reached skill level 15 in Shields
 64784 | Zot:3    | Reached skill level 10 in Armour
 66023 | Zot:5    | Entered Level 5 of the Realm of Zot
 66184 | Zot:5    | Reached XP level 27. HP: 165/176 MP: 36/36
 66322 | Zot:5    | Identified the staff of fire "Townynum" {rElec rPois rF+}
 66424 | Zot:5    | Corrupted Zot:5
 66467 | Zot:5    | Noticed an ancient lich
 66482 | Zot:5    | Killed an ancient lich
 66510 | Zot:5    | Noticed an orb of fire
 66531 | Zot:5    | Killed an orb of fire
 66541 | Zot:5    | Noticed an orb of fire
 66548 | Zot:5    | HP: 3/173 [Orb Guardian (37)]
 66575 | Zot:5    | Noticed a dread lich
 66598 | Zot:5    | Killed a dread lich
 66922 | Zot:5    | a Killer Klown changed into a juggernaut
 66922 | Zot:5    | Noticed a juggernaut
 66932 | Zot:5    | Banished a juggernaut
 67006 | Zot:5    | Gained mutation: Your spells are a little harder to cast,
                  | but a little more powerful. [an orb of fire]
 67014 | Zot:5    | Killed an orb of fire
 67050 | Zot:5    | Identified the staff of fire "Sepra" {rF+ Int+3}
 67075 | Zot:5    | Got the Orb of Zot
 67167 | Zot:4    | Noticed Wicux the pandemonium lord
 67191 | Zot:4    | Banished Wicux the pandemonium lord
 67858 | D:$      | Escaped with the Orb!

Illustrated notes

Levels and vault maps discovered:
D:1:      dpeg_arrival_castle, layout_basic, minmay_bisected
D:2:      layout_loops_cross, minmay_crystal_room, nrook_campfire,
          kennysheep_generic_room_2, uniq_sigmund
D:3:      layout_basic, gammafunk_temple_overflow_pools,
          nicolae_overflow_hidden_temple, ebering_ecumenical_altar_webs,
          amethyst_killhole, guppyfry_early_lair_pool, uniq_pargi
D:4:      layout_loops_corners, lemuel_crystal_altar, minmay_lizard_king
D:5:      layout_basic
D:6:      layout_loops_ring, hellmonk_no_cap
D:7:      layout_loops_ring, minmay_temple_entry_glassed_door,
          minmay_fountain_box
D:8:      lemuel_bear_cage, layout_loops_corners, vehumet_altar_wand_db,
          mainiacjoe_overflow_paths, kennysheep_big_empty_room,
          uniq_prince_ribbit1
D:9:      layout_stronghold, mainiacjoe_overflow_brackets,
          dreamdust_princess_corridor, kennysheep_boxes
D:10:     layout_gridville, lair_entry_dummy, hiddenorc1_lemuel
D:11:     layout_roguey, serial_shops, shop
D:12:     layout_loops_ring, minmay_misc_feat_ornament, tgw_fedhas
D:13:     layout_irregular_city, minmay_hollow_rounded_squares
D:14:     layout_basic, erik_vaults_1, corexii_leaking_fountain, uniq_frances,
          uniq_jorgrun, uniq_josephine
D:15:     grunt_enter_depths_giant_problem, layout_loops_corners,
          nzn_hepliaklqana_mist_gate
Lair:1:   layout_cave_pods, nicolae_volcano_entry_batcave, lemuel_fruit_fields
Lair:2:   layout_regular_city, st_stairs_5, serial_bayou_crossing,
          lemuel_fruit_fields
Lair:3:   layout_hall_layers, swamp_mist, guppyfry_snake_entry_island, pond,
          grunt_megastairs_3
Lair:4:   layout_regular_city
Lair:5:   minmay_lair_end_enchanted_forest, layout_regular_city, slime_entry_1,
          grunt_megastairs_1
Swamp:1:  layout_falls_marsh, ebering_ghost_xom, hangedman_swamp_pad,
          st_swamp_ruins_4
Swamp:2:  layout_basic_swamp, lemuel_altar_in_water, swamp_pool1,
          nicolae_swamp_godswood, nicolae_swamp_necromancer_hut
Swamp:3:  layout_basic_swamp, portal_ice_cave_entry_frozen_things,
          nicolae_swamp_triple_paths, swamp_pool4, infiniplex_staircase_pool,
          uniq_donald
Swamp:4:  swamp_vile, layout_basic_swamp, gammafunk_ghost_necromancy
Snake:1:  layout_grid_maze, uniq_louise, uniq_rupert, uniq_mlioglotl
Snake:2:  layout_honeycomb, serial_shops, nicolae_shop_tiny_glass,
          statue_in_the_mist_lemuel
Snake:3:  layout_honeycomb, basic_altar, serial_shops,
          nicolae_shop_window_shopping, serial_nicolae_subway,
          nicolae_sub_station_crystal, nicolae_sub_station_stone,
          nicolae_sub_station_metal
Snake:4:  hellmonk_snake_rune_quicksilver_temple, layout_cave_town,
          grunt_ministairs_6
Orc:1:    layout_diamond_mine, uniq_nergalle
Orc:2:    grunt_orc_community_town_hall, layout_caves,
          grunt_orc_community_big_house_2, grunt_orc_community_big_house_1,
          grunt_orc_community_house_2, grunt_orc_community_house_2,
          grunt_orc_community_house_3, grunt_orc_community_house_2,
          gammafunk_ghost_arena
Elf:1:    layout_gridlike, hangedman_elf_disciples,
          nicolae_shop_overcharged_wands
Elf:2:    elven_hall_of_blades_hangedman_original
          [infiniplex_blade_entry_pillars], layout_loops_cross, serial_shops,
          shop, nicolae_elf_crossing_hall
Elf:3:    grunt_elf_hall_diamonds, layout_rooms, minivault_19, minivault_4,
          elves_outpost_lemuel
Vaults:1: vaults_mumra_chevron, v_misc_8, st_hourglassy, v_alt_pattern_2,
          nicolae_vaults_storage_room_glass, nicolae_vaults_border_crossing,
          nicolae_vaults_heist, nicolae_vaults_sesquioval_fish,
          dpeg_vaults_monster_box, layout_vaults_chaotic_city
Vaults:2: nicolae_vaults_tangram_2, v_misc_10, nicolae_vaults_stepped_doors,
          vaults_room_fours, minmay_crypt_entry_necro_gods, st_check,
          grunt_vaults_hallway_short, nicolae_vaults_more_shelving_1,
          nicolae_vaults_more_shelving_2, ontoclasm_vaults_idyll,
          nicolae_vaults_sightless_eye, layout_vaults_maze_bifur, serial_shops,
          nicolae_shop_real_fake_doors, uniq_bai_suzhen
Vaults:3: v_misc_14, nicolae_vaults_wine_cellar, vaults_room_door_hall,
          nicolae_vaults_bisected_exclaves, nicolae_vaults_trapezoid_4,
          nicolae_vaults_security_offices_2, nicolae_vaults_storage_closets_1,
          nicolae_vaults_rhombus_7, nicolae_vaults_little_squares_3,
          nicolae_vaults_little_squares_3, layout_vaults_omnigrid
Vaults:4: ontoclasm_vaults_fault, ontoclasm_vaults_misaligned,
          nicolae_vaults_network_square, nicolae_vaults_little_squares_6,
          v_misc_32, ontoclasm_vaults_claustrophobia, vaults_room_ringed_pool,
          grunt_vaults_bifocal, nicolae_vaults_diamond_2,
          nicolae_vaults_layer_cake_slice,
          nicolae_vaults_you_can_take_it_with_you, layout_vaults_big_cross
Vaults:5
Crypt:1:  layout_rooms, roderic_lattice_octagonal_star,
          grunt_crypt_arrival_split
Crypt:2:  layout_regular_city, st_chilly_death
Crypt:3:  due_elkab, layout_chaotic_city
Depths:1: layout_gridville, enter_ziggurat_a, serial_glass, glass_columns_b,
          glass_columns_b, grunt_hell_entry_dis_mu, minmay_misc_feat_square,
          serial_bayou_lagoon_b
Depths:2: minmay_split_circle, layout_basic, grunt_pan_entry_zigzag, hell_entry,
          infiniplex_staircase_river
Depths:3: minmay_the_grid_square_5x5_4x4 [minmay_the_grid_square_5x5_hourglass,
          minmay_the_grid_square_5x5_forky,
          minmay_the_grid_square_5x5_sharp_hourglass,
          minmay_the_grid_square_5x5_moneybag,
          minmay_the_grid_square_5x5_spiral,
          minmay_the_grid_square_5x5_prize_gold,
          minmay_the_grid_square_5x5_prize_snowflake,
          minmay_the_grid_square_5x5_meh, minmay_the_grid_square_5x5_one_wall,
          minmay_the_grid_square_5x5_prize_rear_guard,
          minmay_the_grid_square_5x5_prize_waves,
          minmay_the_grid_square_5x5_trominoes, minmay_the_grid_square_5x5_six,
          minmay_the_grid_square_5x5_plus, minmay_the_grid_square_5x5_checkered,
          minmay_the_grid_square_5x5_minibox], layout_basic, pan_entry,
          grunt_mini_vestibule, abyss_entry_crystal, serial_bayou_shore_a,
          uniq_sojobo
Depths:4: grunt_zot_entry_tricorne, layout_honeycomb, hell_entry,
          minmay_misc_feat_tiny, guppyfry_shop_blood, uniq_parghit
Zot:1:    lemuel_acid_trip, layout_concentric_octagons
Zot:2:    layout_misc_corridors
Zot:3:    layout_basic, hangedman_zot_diagonal_lockstep
Zot:4:    layout_onion
Zot:5:    layout_basic, grunt_ministairs_2

Skill      XL: |  1  2  3  4  5  6  7  8  9 10 11 12 13 14 15 16 17 18 19 20 21 22 23 24 25 26 27 |
---------------+----------------------------------------------------------------------------------+-----
Long Blades    | 1 2 4 5 6 7 9 11 13 14 15 | 15.9
Fighting       | 3 4 5 6 7 8 10 12 14 15 17 18 19 20 21 22 23 25 26 | 26.8
Invocations    | 1 3 5 6 7 9 11 12 13 15 16 17 | 17.5
Armour         | 2 5 8 9 10 11 | 11.7
Shields        | 2 4 9 12 13 14 15 | 15.9
Dodging        | 3 7 8 11 13 14 15 16 17 18 19 20 21 22 | 22.3
Evocations     | 4 6 9 10 11 13 15 16 | 16.5
Throwing       | 3 5 |  5.0
Transmutations | 6 9 |  9.0
Spellcasting   | 3 |  3.0
Short Blades   | |  2.1
Stealth        | |  4.0

Action                     |  1- 3 |  4- 6 |  7- 9 | 10-12 | 13-15 | 16-18 | 19-21 | 22-24 | 25-27 || total
---------------------------+-------+-------+-------+-------+-------+-------+-------+-------+-------++-------
  Melee: Dagger            |    84 |   110 |   371 |   674 |   586 |       |       |       |       ||  1825
         Peck              |     9 |    14 |    73 |   163 |   422 |   479 |   548 |   784 |   487 ||  2979
         Kick              |    11 |    26 |   133 |   270 |   708 |   743 |   901 |  1177 |   766 ||  4735
         Punch             |     2 |     1 |     1 |       |       |       |       |       |       ||     4
         Scimitar          |       |       |       |       |   897 |   221 |       |       |       ||  1118
         Demon blade       |       |       |       |       |       |  1286 |  1643 |  2188 |  1336 ||  6453
         Quick blade       |       |       |       |       |       |    50 |       |       |       ||    50
  Throw: Dart              |       |     8 |    89 |     9 |       |       |       |       |       ||   106
         Javelin           |       |       |       |     2 |     6 |     5 |     8 |       |       ||    21
   Cast: Wereblood         |       |       |       |       |       |       |       |       |    22 ||    22
 Invoke: Heroism           |       |       |     1 |     8 |    12 |    10 |     9 |     3 |       ||    43
         Finesse           |       |       |       |       |       |     2 |     1 |     1 |       ||     4
         Depart the Abyss  |       |       |       |       |       |       |       |     1 |       ||     1
         Corrupt           |       |       |       |       |       |       |       |     2 |     2 ||     4
         Banish            |       |       |       |       |       |       |       |     1 |     3 ||     4
         Brand Weapon With |       |       |       |       |       |       |       |     1 |       ||     1
Ability: Evoke Invisibilit |       |       |       |       |       |     1 |     1 |       |     1 ||     3
  Evoke: Wand              |       |       |       |     6 |     8 |     8 |     3 |     2 |       ||    27
         Lightning rod     |       |       |       |       |       |     3 |       |       |     4 ||     7
         Condenser vane    |       |       |       |       |       |     2 |     1 |       |     1 ||     4
         Phial of floods   |       |       |       |       |       |       |     1 |       |       ||     1
         Box of beasts     |       |       |       |       |       |       |       |       |     1 ||     1
    Use: Scroll            |     4 |     2 |     8 |     8 |    19 |     6 |    11 |    18 |    10 ||    86
         Potion            |     2 |       |     1 |       |     4 |     2 |     2 |     4 |    12 ||    27
   Stab: Sleeping          |     5 |     3 |       |     9 |     7 |     9 |    18 |    12 |     6 ||    69
         Distracted        |       |       |       |       |     4 |     4 |     3 |     4 |     4 ||    19
         Invisible         |       |       |       |       |       |     8 |     1 |     1 |     7 ||    17
         Held in net/web   |       |       |       |       |       |       |       |       |     1 ||     1
 Armour: Robe              |    13 |       |       |       |       |       |       |       |       ||    13
         Skin              |    22 |    10 |       |       |       |       |       |       |       ||    32
         Scale mail        |       |    37 |   129 |     5 |       |       |       |       |       ||   171
         Troll leather arm |       |       |       |    85 |   112 |   304 |   123 |   152 |    86 ||   862
         Chain mail        |       |       |       |       |   256 |       |       |       |       ||   256
         Ice dragon scales |       |       |       |       |       |     7 |       |       |       ||     7
         Steam dragon scal |       |       |       |       |       |       |    80 |    48 |       ||   128
  Dodge: Dodged            |    33 |    30 |   116 |   215 |   592 |   998 |   896 |  1373 |   897 ||  5150
  Block: Buckler           |       |       |    41 |   234 |   656 |   283 |       |       |       ||  1214
         Reflection        |       |       |     3 |     7 |    10 |    43 |    78 |   103 |    57 ||   301
         Kite shield       |       |       |       |       |       |   783 |  1369 |  2189 |  1275 ||  5616
